 Dungeon Crawl Stone Soup version 0.29.0-15-g675c0067aa (webtiles) character file.

Game seed: 15494997804793516202

443 qw the Cleaver (level 6, -1/52 HPs)
             Began as a Minotaur Berserker on Sept 12, 2022.
             Was a Believer of Trog.
             Succumbed to Sigmund's poison
             ... on level 4 of the Dungeon.
             The game lasted 00:01:16 (3879 turns).

qw the Cleaver (Minotaur Berserker)                 Turns: 3879, Time: 00:01:17

Health: -1/52      AC:  8    Str: 23    XL:     6   Next: 71%
Magic:  5/5        EV:  8    Int:  4    God:    Trog [**....]
Gold:   226        SH:  0    Dex: 10    Spells: 5/5 levels left

rFire   . . .      SeeInvis .   Y - +0 hand axe
rCold   . . .      Faith    .   (no shield)
rNeg    . . .      Spirit   .   h - +0 chain mail
rPois   .          Reflect  .   (helmet restricted)
rElec   .          Harm     .   (no cloak)
rCorr   .          Rampage  .   (no gloves)
Will    ++...                   (no boots)
Stlth   ..........              (no amulet)
HPRegen 1.17/turn               (no ring)
MPRegen 0.09/turn               (no ring)

@: lethally poisoned (-1 -> -11), strong-willed, on berserk cooldown,
regenerating, slowed, very slow
A: horns 2, retaliatory headbutt
a: Renounce Religion, Berserk, Trog's Hand


You were on level 4 of the Dungeon.
You worshipped Trog.
Trog was pleased with you.
You visited 1 branch of the dungeon, and saw 4 of its levels.
You also visited: Sewer.

You collected 226 gold pieces.


Innate Abilities, Weirdness & Mutations

You have a pair of horns on your head.
You reflexively headbutt those who attack you in melee.


   Skills:
 + Level 4.1 Fighting
 - Level 9.0 Axes
 - Level 2.4 Armour
 - Level 2.1 Dodging


You had 5 spell levels left.
You didn't know any spells.
Your spell library was empty.

Inventory:

Hand Weapons
 g - a +0 flail
 Y - a +0 hand axe (weapon)
Armour
 h - a +0 chain mail (worn)
Scrolls
 b - 3 scrolls of identify
Potions
 a - a potion of heal wounds
 c - a potion of resistance

Dungeon Overview and Level Annotations

Branches:
Dungeon (4/15)              Sewer (visited)
 Temple: D:4-7

Altars:
Hepliaklqana

Shops:
D:3 (

Annotations:
D:3 3 runed translucent doors, qw's ghost, weakling MiBe
D:4 Sigmund; qw's ghost, weakling GrDe


Message History

You are more poisoned.
3868 ||| DRINKING 4 potions of curing.
You feel better.
3868 ||| (to cure poison)
Something hits you.
You swing at nothing.
Something hits you.
You swing at nothing.
A magic dart appears from out of thin air!
The magic dart hits you but does no damage.
You swing at nothing.
Something hits you!
You swing at nothing.
Something hits you but does no damage.
You are lethally poisoned!
3873 ||| DRINKING 3 potions of curing.
You feel better.
3873 ||| (to cure poison)
Something hits you.
You are lethally poisoned!
3874 ||| DRINKING 2 potions of curing.
You feel better.
3874 ||| (to cure poison)
Something hits you!
You are lethally poisoned!
3875 ||| DRINKING potion of curing.
You feel better.
3875 ||| (to cure poison)
You hear some strange, mumbled words.
Something tries to affect you, but you resist.
You swing at nothing.
Something hits you.
You are poisoned.
You swing at nothing.
You feel very sick. Something hits you.
You are more poisoned.
3878 ||| INVOKING Trog's Hand.
Your skin crawls.
You feel strong-willed.
You feel very sick. Something hits you but does no damage.
You are more poisoned.
You swing at nothing.
You die...

#..... .... .. ..
...## ....#....
.#.....###
........##
#{........
#.))......
#.@)........
#............
#.............
#..(.........#
#.............
#.............
######.............
....................
....................


There were no monsters in sight!

Vanquished Creatures
  A kobold brigand (Sewer)
  A scorpion (D:4)
  An orc priest (D:4)
  Jessica (D:2)
  Terence (D:2)
  An orc wizard (D:4)
  9 adders
  4 river rats (Sewer)
  3 worms (D:2)
  A dart slug (D:1)
  2 orcs (D:4)
  5 ball pythons (D:3)
  5 endoplasms
  7 giant cockroaches
  5 goblins
  6 hobgoblins
  5 jackals (D:3)
  5 quokkas
  2 bats (D:2)
  4 frilled lizards
  11 kobolds
  6 rats
86 creatures vanquished.

Vanquished Creatures (others)
  3 fungi (D:3)
  A plant (D:3)
4 creatures vanquished.

Grand Total: 90 creatures vanquished

Notes
Turn   | Place    | Note
-------+----------+-------------------------------------------
     0 | D:1      | qw the Minotaur Berserker began the quest for the Orb.
     0 | D:1      | Reached XP level 1. HP: 19/19 MP: 0/0
     0 | D:1      | 0 ||| qw: Version: 0.1-a-119-g272c26d
     0 | D:1      | 0 ||| qw: Game counter: 11009
     0 | D:1      | 0 ||| qw: Always use a shield: true
     0 | D:1      | 0 ||| qw: Do Orc after D:15 true
     0 | D:1      | 0 ||| qw: Do second Lair branch before Depths: true
     0 | D:1      | 0 ||| qw: Lair rune preference: random
     0 | D:1      | 0 ||| qw: Plans: Normal
     0 | D:1      | 0 ||| PLANNING D:1-11
   312 | D:1      | Reached skill level 4 in Axes
   551 | D:1      | 551 ||| Stepping ~*~*~tactically~*~*~ (hiding).
   560 | D:1      | Reached XP level 2. HP: 18/26 MP: 1/1
   962 | D:1      | Found a faded altar of an unknown god.
  1385 | D:1      | 1385 ||| UPGRADING to +0 chain mail.
  1395 | D:1      | 1395 ||| DROPPING +0 animal skin.
  1396 | D:1      | 1396 ||| READING scroll labelled GONEAR VELACEN.
  1397 | D:1      | 1397 ||| READING 2 scrolls labelled KEJOKHIOMOT.
  1398 | D:1      | 1398 ||| READING scroll labelled OWNYVI KUOBIUMN.
  1399 | D:1      | 1399 ||| DRINKING 2 murky dark potions.
  1400 | D:1      | 1400 ||| DROPPING scroll of poison.
  1401 | D:1      | 1401 ||| DROPPING potion of degeneration.
  1402 | D:1      | 1402 ||| Stepping randomly (stuck).
  1403 | D:1      | 1403 ||| Stepping ~*~*~tactically~*~*~ (cloud).
  1409 | D:1      | HP: 6/26 [poisoned by you (poison gas)]
  1740 | D:2      | 1740 ||| STAIRDANCE
  1747 | D:2      | Reached skill level 5 in Axes
  1747 | D:2      | 1747 ||| STAIRDANCE
  1827 | D:2      | 1827 ||| INVOKING Berserk.
  1946 | D:2      | Noticed Terence
  1949 | D:2      | 1949 ||| INVOKING Berserk.
  1950 | D:2      | 1950 ||| INVOKING Berserk.
  1951 | D:2      | Killed Terence
  1952 | D:2      | Reached XP level 3. HP: 31/31 MP: 2/2
  2077 | D:2      | 2077 ||| INVOKING Berserk.
  2238 | D:2      | 2238 ||| INVOKING Berserk.
  2367 | D:2      | Reached skill level 6 in Axes
  2367 | D:2      | Reached XP level 4. HP: 38/39 MP: 3/3
  2410 | D:2      | Found a hazy altar of Hepliaklqana.
  2597 | D:2      | Noticed Jessica
  2603 | D:2      | Killed Jessica
  2657 | D:2      | 2657 ||| DROPPING +0 club.
  2719 | D:2      | 2719 ||| Stepping ~*~*~tactically~*~*~ (stealth).
  2762 | D:2      | 2762 ||| READING scroll labelled IKKER PONIV.
  2763 | D:2      | 2763 ||| READING scroll labelled MIZOUP MAYCH.
  2764 | D:2      | 2764 ||| DRINKING 3 fizzy purple potions.
  2765 | D:2      | 2765 ||| READING 4 scrolls of identify.
  2765 | D:2      | 2765 ||| IDENTIFYING cyan potion
  2766 | D:2      | 2766 ||| READING 3 scrolls of identify.
  2766 | D:2      | 2766 ||| IDENTIFYING lumpy black potion
  2767 | D:2      | 2767 ||| READING 2 scrolls of identify.
  2767 | D:2      | 2767 ||| IDENTIFYING metallic yellow potion
  2768 | D:2      | 2768 ||| DROPPING potion of berserk rage.
  2769 | D:2      | 2769 ||| DROPPING potion of invisibility.
  2808 | D:3      | 2808 ||| PLANNING SEWER
  2844 | D:3      | Reached XP level 5. HP: 45/45 MP: 4/4
  2846 | D:3      | Reached ** piety under Trog
  2860 | D:3      | Reached skill level 7 in Axes
  2927 | D:3      | Found a runed translucent gate.
  2927 | D:3      | Found a runed translucent gate.
  2927 | D:3      | Found a runed translucent gate.
  2930 | D:3      | Noticed qw's ghost (weakling MiBe)
  3068 | D:3      | 3068 ||| Stepping ~*~*~tactically~*~*~ (stealth).
  3263 | D:3      | Found Kaomilel's Weapon Shop.
  3376 | D:3      | Found a glowing drain.
  3384 | D:3      | 3384 ||| READING scroll labelled BYWUOXTUSIA.
  3401 | Sewer    | Entered a sewer
  3416 | Sewer    | 3416 ||| INVOKING Berserk.
  3614 | Sewer    | 3614 ||| Stepping ~*~*~tactically~*~*~ (stealth).
  3639 | Sewer    | Reached skill level 8 in Axes
  3639 | Sewer    | Reached XP level 6. HP: 39/52 MP: 5/5
  3729 | Sewer    | Found a glowing silver altar of Zin.
  3769 | D:3      | 3769 ||| PLANNING D:1-11
  3841 | D:4      | Noticed qw's ghost (weakling GrDe)
  3849 | D:4      | Noticed Sigmund
  3851 | D:4      | 3851 ||| INVOKING Berserk.
  3860 | D:4      | Reached skill level 9 in Axes
  3867 | D:4      | HP: 6/52 [something (9)]
  3868 | D:4      | 3868 ||| DRINKING 4 potions of curing.
  3868 | D:4      | 3868 ||| (to cure poison)
  3871 | D:4      | HP: 2/52 [something (8)]
  3873 | D:4      | 3873 ||| DRINKING 3 potions of curing.
  3873 | D:4      | 3873 ||| (to cure poison)
  3874 | D:4      | 3874 ||| DRINKING 2 potions of curing.
  3874 | D:4      | 3874 ||| (to cure poison)
  3875 | D:4      | 3875 ||| DRINKING potion of curing.
  3875 | D:4      | 3875 ||| (to cure poison)
  3876 | D:4      | HP: 10/52 [something (6)]
  3878 | D:4      | 3878 ||| INVOKING Trog's Hand.
  3878 | D:4      | HP: 2/52 [poisoned by Sigmund]
  3879 | D:4      | Succumbed to Sigmund's poison

Levels and vault maps discovered:
D:1:      amcnicky_arrival_gap_in_the_tavern_cellar, layout_basic,
          chequers_ecumenical_altar_simple
D:2:      layout_rooms, basic_altar, minmay_fractal_squares_gapless_5,
          uniq_jessica, uniq_terence
D:3:      layout_basic, serial_shops, shop_statue,
          gammafunk_ghost_nasty_kobolds, gup_sewer_entry_pipe,
          kennysheep_minor_cross
D:4:      layout_rooms, pdpol_wu_jian_five_deadly_venoms, lemuel_crystal_altar,
          amethyst_overflow_temple_binary, serial_shops,
          nicolae_shop_hallway_plus, gammafunk_ghost_arena,
          corexii_item_surrounded_by_moat, minivault_26, uniq_sigmund

Skill      XL: |  1  2  3  4  5  6 |
---------------+-------------------+-----
Axes           | 4 5 6 8 9 |  9.0
Fighting       | 4 |  4.1
Armour         | |  2.4
Dodging        | |  2.1

Action                   |  1- 3 |  4- 6 || total
-------------------------+-------+-------++-------
Melee: Hand axe          |    59 |   150 ||   209
       Headbutt          |     8 |    19 ||    27
       Punch             |       |     1 ||     1
Invok: Berserk           |     4 |     2 ||     6
       Trog's Hand       |       |     1 ||     1
  Use: Scroll            |     3 |     6 ||     9
       Potion            |     1 |     5 ||     6
Armor: Chain mail        |    11 |    67 ||    78
       Animal skin       |     1 |       ||     1
Dodge: Dodged            |    11 |    40 ||    51

Table legend:
 A = Non-vault XP
 B = Vault XP
 C = Vault XP percentage of total XP
 D = Non-vault monster count
 E = Vault monster count
 F = Vault count percentage of total count
                 A         B        C        D         E       F
            +---------+---------+-------+---------+---------+-------
      Total |     372 |     261 |  41.2 |      64 |      22 |  25.6
            +---------+---------+-------+---------+---------+-------
        D:1 |      34 |       0 |   0.0 |      20 |       0 |   0.0
        D:2 |      53 |      92 |  63.4 |      12 |       6 |  33.3
        D:3 |     115 |      14 |  10.9 |      27 |       7 |  20.6
        D:4 |     170 |       0 |   0.0 |       5 |       0 |   0.0
      Sewer |       0 |     155 | 100.0 |       0 |       9 | 100.0
            +---------+---------+-------+---------+---------+-------
